 Dungeon Crawl Stone Soup version 0.30-a0-948-g4fa250aae5 (webtiles) character file.

Game seed: 5043196975859012148

141 avis the Insei (level 4, -5/36 HPs)
             Began as a Demigod Transmuter on Mar 26, 2023.
             Killed by nerve-wracking pain
             ... invoked by Grinder
              (14 damage)
             ... on level 3 of the Dungeon on Mar 27, 2023.
             The game lasted 00:20:55 (3247 turns).

avis the Insei (Demigod Transmuter)                 Turns: 3247, Time: 00:20:56

Health: -5/36      AC:  2    Str: 11    XL:     4   Next: 73%
Magic:  6/9        EV: 35    Int: 15    God:
Gold:   173        SH:  0    Dex: 23    Spells: 1/7 levels left

rFire   . . .      SeeInvis .    a - melded +2 dagger (protect)
rCold   . . .      Faith    .    (shield currently unavailable)
rNeg    . . .      Spirit   .    t - melded +0 leather armour {rPois}
rPois   .          Reflect  .    (helmet currently unavailable)
rElec   .          Rampage  .    (cloak currently unavailable)
rCorr   .                        m - melded +0 pair of gloves
Will    .....                    (boots currently unavailable)
Stlth   ++                       q - amulet of the acrobat
HPRegen 0.26/turn                u - ring of poison resistance
MPRegen 0.11/turn                v - ring of wizardry

@: spider-form, acrobatic
A: venomous fangs, tiny, high MP 1, forlorn, divine attributes
a: End Transformation


You were on level 3 of the Dungeon.
You were a venomous arachnid creature.
You visited 1 branch of the dungeon, and saw 3 of its levels.

You collected 173 gold pieces.

Inventory:

Hand Weapons
 a - a +2 dagger of protection (melded)
 b - a +0 sling
 i - a +0 quarterstaff
 w - the +9 dagger of the Eggplant {venom, Fly rPois Dex-3 Stlth+}
   (You found it on level 3 of the Dungeon)

   Dex:       It affects your dexterity (-3).
   rPois:     It protects you from poison.
   Fly:       It grants you flight.
   Stlth:     It makes you more stealthy.
Armour
 e - a +0 robe
 m - a +0 pair of gloves (melded)
 t - a +0 leather armour of poison resistance (melded)
Jewellery
 q - an amulet of the acrobat (around neck)
 u - a ring of poison resistance (left front pincers)
 v - a ring of wizardry (right front pincers)
Scrolls
 c - 8 scrolls of identify {unknown}
 g - a scroll of teleportation {unknown}
 j - a scroll of fog {unknown}
 o - a scroll of fear {unknown}
Potions
 h - 3 potions of heal wounds {unknown}
 k - a potion of haste {unknown}
 l - a potion of lignification
 n - 2 potions of resistance {unknown}
 p - a potion of might {unknown}
 r - a potion of brilliance {unknown}
 x - a potion of mutation {unknown}


   Skills:
 - Level 2.0 Fighting
 - Level 2.0 Dodging
 - Level 1.0 Stealth
 * Level 3.5 Unarmed Combat
 - Level 2.0 Spellcasting
 - Level 3.0 Transmutations
 - Level 1.0 Poison Magic


You had one spell level left.
You knew the following spells:

 Your Spells              Type           Power      Damage    Failure   Level
a - Beastly Appendage     Tmut           20%        N/A       7%          1
e - Wereblood             Tmut           10%        N/A       10%         2
p - Spider Form           Tmut/Pois      7%         N/A       22%         3

Your spell library contained the following spells:

 Spells                   Type           Power      Damage    Failure   Level
 Summon Guardian Golem    Hex/Summ       1%         N/A       41%         3
 Ice Form                 Ice/Tmut       6%         N/A       58%         4
 Orb of Destruction       Conj           0%         9d5       100%        7
 Spellforged Servitor     Conj/Summ      0%         N/A       100%        7


Dungeon Overview and Level Annotations

Branches:
Dungeon (3/15)

Annotations:
D:3 3 runed translucent doors, Grinder; Zonian's ghost, amateur VSGl


Innate Abilities, Weirdness & Mutations

You are a venomous arachnid creature.
You have venomous fangs.
You are tiny and dextrous.
Your spellcasting is less reliable in this form.
Your armour is entirely melded.
You are incapable of wielding weapons or throwing items.
You have an increased reservoir of magic. (+10% MP)
You shall have no god before yourself.
Your divine heritage dramatically boosts your attributes as you level up.


Message History

Throw: dart (poison)
Press: ? - help, Q - select action, (/) - cycle Shift-Dir - straight line, f/p - Grinder
Aim: Grinder (severely wounded, 58% to hit)
You throw a poisoned dart.
The poisoned dart closely misses Grinder.
You closely miss Grinder.
Grinder is severely wounded.
Grinder hits you but does no damage.
You closely miss Grinder.
Grinder is severely wounded.
Grinder hits you but does no damage.
You closely miss Grinder.
Grinder is severely wounded.
You feel less wooden.
Your +0 pair of gloves unmelds from your body.
Your +0 leather armour of poison resistance unmelds from your body.
You feel resistant to poison. Grinder gestures at you.
You resist with significant effort.
Casting: Beastly Appendage (safe; 3% risk of failure)
Confirm with . or Enter, or press ? or * to list all spells.
The spell is quite dangerous to miscast (16% risk of failure)!
Continue anyway?
You turn into a venomous arachnid creature.
Your +2 dagger of protection melds into your body.
Your +0 pair of gloves melds into your body.
Your +0 leather armour of poison resistance melds into your body.
Your +2 dagger of protection goes still.
Grinder misses you.
You hit Grinder but do no damage.
Grinder is poisoned.
Grinder is severely wounded.
Grinder hits you.
* * * LOW HITPOINT WARNING * * *
You writhe in agony.
* * * LOW HITPOINT WARNING * * *
You hit Grinder but do no damage.
Grinder looks as sick as possible!
Grinder is almost dead.
Grinder blinks!
Grinder gestures at you. Pain shoots through your body!
You die...

#.#
#...........######.
#####.#
###.####...........
......# #.##
##.########†
.###### ####5.##
#.# #. .#
##......###.# #. .#
#.###....##.# #. .#
#. #.(.(.(.# #. .#
####.###.(..#### #.
.# #......s..(## ##
.# #.#######.##
.####### #.#
........ #.#
...##### #.# ..##
#.# .## #.# .## #.#
..####### #.#


You could see Grinder (extremely poisoned).

Vanquished Creatures
  Ijyb (D:3)
  3 adders (D:3)
  2 worms
  3 dart slugs (D:2)
  An orc (D:3)
  6 endoplasms
  2 giant cockroaches
  15 goblins
  3 hobgoblins
  11 jackals
  7 kobolds
  2 quokkas
  4 ball pythons
  2 bats (D:3)
  6 frilled lizards
  3 rats
71 creatures vanquished.

Vanquished Creatures (others)
  A goblin (D:3)
1 creature vanquished.

Grand Total: 72 creatures vanquished

Notes
Turn   | Place    | Note
-------+----------+-------------------------------------------
     0 | D:1      | avis the Demigod Transmuter began the quest for the Orb.
     0 | D:1      | Reached XP level 1. HP: 15/15 MP: 5/5
    70 | D:1      | Reached skill level 1 in Fighting
   256 | D:1      | Reached XP level 2. HP: 21/23 MP: 5/7
   873 | D:1      | Reached skill level 1 in Stealth
  1270 | D:2      | Reached XP level 3. HP: 27/28 MP: 8/8
  1503 | D:2      | Learned a level 3 spell: Spider Form
  1506 | D:2      | Learned a level 2 spell: Wereblood
  2332 | D:3      | Found a runed translucent gate.
  2333 | D:3      | Found a runed translucent gate.
  2333 | D:3      | Found a runed translucent gate.
  2334 | D:3      | Identified the +9 dagger of the Eggplant {venom, Fly rPois
                  | Dex-3 Stlth+}
  2366 | D:3      | Noticed Zonian's ghost (amateur VSGl)
  2432 | D:3      | Reached skill level 1 in Poison Magic
  2563 | D:3      | Reached XP level 4. HP: 35/35 MP: 9/9
  2632 | D:3      | Noticed Ijyb
  2654 | D:3      | Killed Ijyb
  3209 | D:3      | Noticed Grinder
  3226 | D:3      | Paralysed by Grinder for 4 turns
  3235 | D:3      | Paralysed by Grinder for 3 turns
  3247 | D:3      | Killed from afar by Grinder

Illustrated notes

Levels and vault maps discovered:
D:1:      noname_arrival_rooms_in_the_neighbourhood, layout_basic
D:2:      minmay_general_purpose_star, layout_loops_ring,
          nicolae_ecumenical_oubliette, nicolae_wormholes
D:3:      kennysheep_goblin_castle, layout_loops_ring, gammafunk_ghost_icy,
          uniq_grinder

Skill      XL: |  1  2  3  4 |
---------------+-------------+-----
Fighting       | 1 2 |  2.0
Unarmed Combat | 3 |  3.5
Dodging        | 2 |  2.0
Spellcasting   | 2 |  2.0
Transmutations | 2 3 |  3.0
Stealth        | 1 |  1.0
Poison Magic   | 1 |  1.0

Action                     |  1- 3 |  4- 6 || total
---------------------------+-------+-------++-------
  Melee: Unarmed           |    22 |     2 ||    24
         Dagger            |   127 |    62 ||   189
         Kick              |    24 |    12 ||    36
         Headbutt          |     7 |    12 ||    19
         Punch             |       |     2 ||     2
   Fire: Sling             |     3 |       ||     3
  Throw: Dart              |       |     8 ||     8
   Cast: Beastly Appendage |    34 |    16 ||    50
         Spider Form       |       |     1 ||     1
  Evoke: Wand              |       |     2 ||     2
    Use: Potion            |       |     1 ||     1
   Stab: Sleeping          |     4 |     2 ||     6
 Armour: Robe              |    33 |    13 ||    46
         Skin              |       |     4 ||     4
         Leather armour    |       |     3 ||     3
  Dodge: Dodged            |    88 |    32 ||   120

Table legend: (Time is in decaauts)
 A = Elapsed time spent in this place.
 B = Non-inter-level travel time spent in this place.
 C = Inter-level travel time spent in this place.
 D = Time resting spent in this place.
 E = Time spent auto-exploring this place.
 F = Levels seen in this place.
 G = Mean time per level.
                   A        B        C        D        E       F      G
               +--------+--------+--------+--------+--------+-----+--------+
         Total |   3249 |   3160 |     89 |    592 |   1624 |   3 | 1083.0 |
       Dungeon |   3249 |   3160 |     89 |    592 |   1624 |   3 | 1083.0 |
               +--------+--------+--------+--------+--------+-----+--------+

Top non-repeatable levels by time:
     D:2: 1203 daAuts
     D:1: 1100 daAuts
     D:3: 945 daAuts
